Map: Lerilak Crest

Players

Silver

  • Race: Protoss Protoss
  • League: Platinum

zelderan - Winner!

  • Race: Zerg Zerg
  • League: Platinum

VOD

Have the link to the VOD?

Description

Time

  • Played on: Nov. 22, 2015, 7:51 p.m.
  • Length: 15:57
Show
View Real Time Build Order
Export as new Build Order

Silver Protoss 

Build Orders: Nexus First 

Get SALT Encoding   

  12  0:01  Probe (Chrono Boost)  
  13  0:12  Probe (Chrono Boost)  
  14  0:22  Pylon  
  14  0:25  Probe (Chrono Boost)  
  15  0:40  Probe (Chrono Boost)  
  16  0:50  Probe (Chrono Boost)  
  17  1:03  Nexus  
  17  1:06  Probe (Chrono Boost)  
  18  1:19  Gateway  
  18  1:21  Probe (Chrono Boost)  
  19  1:31  Probe (Chrono Boost)  
  20  1:36  Forge  
  20  1:44  Pylon  
  20  1:48  Assimilator  
  20  1:51  Probe (Chrono Boost)  
  21  2:02  Probe (Chrono Boost)  
  22  2:09  Cybernetics Core  
  22  2:13  Photon Cannon  
  22  2:26  Gateway  
  22  2:35  Pylon  
  22  2:42  Probe x2 (Chrono Boost)  
  23  2:52  Zealot  
  23  2:58  Probe x2 (Chrono Boost), Pylon  
  27  3:10  Probe (Chrono Boost)  
  27  3:11  Probe (Chrono Boost), Gateway  
  29  3:15  Pylon  
  29  3:21  Probe x2 (Chrono Boost)  
  31  3:32  Probe x2 (Chrono Boost)  
  33  3:42  Mothership Core (Chrono Boost)  
  33  3:43  Zealot  
  33  3:44  Zealot  
  33  3:48  Probe (Chrono Boost)  
  40  3:59  Stalker, Probe (Chrono Boost)  
  40  4:01  Assimilator  
  43  4:13  Probe x2 (Chrono Boost), Nexus  
  45  4:19  Warp Gate  
  45  4:20  Zealot  
  45  4:21  Zealot  
  50  4:24  Probe x2 (Chrono Boost)  
  51  4:40  Probe (Chrono Boost)  
  51  4:41  Probe (Chrono Boost)  
  53  4:51  Protoss Ground Weapons Level 1  
  53  4:52  Zealot x2  
  57  4:53  Zealot  
  59  5:02  Probe x2 (Chrono Boost)  
  61  5:13  Probe (Chrono Boost)  
  61  5:14  Probe (Chrono Boost), Twilight Council  
  63  5:16  Assimilator  
  63  5:28  Stalker  
  63  5:29  Stalker x2  
  63  5:35  Pylon  
  69  5:38  Pylon  
  69  5:42  Probe x3 (Chrono Boost)  
  72  5:50  Assimilator  
  72  5:57  Gateway x2  
  72  5:59  Gateway x2  
  72  6:01  Probe x2 (Chrono Boost)  
  72  6:02  Probe (Chrono Boost)  
  75  6:05  Pylon  
  75  6:07  Blink  
  75  6:12  Probe x3 (Chrono Boost)  
  78  6:22  Probe x2 (Chrono Boost)  
  78  6:23  Stalker, Probe (Chrono Boost)  
  78  6:24  Stalker x2  
  87  6:33  Probe x3 (Chrono Boost)  
  90  6:51  Protoss Ground Weapons Level 2 (Chrono Boost)  
  90  6:53  Stalker x2  
  94  6:57  Probe (Chrono Boost)  
  94  6:58  Probe (Chrono Boost)  
  94  6:59  Assimilator  
  96  7:05  Assimilator  
  96  7:06  Pylon  
  96  7:13  Stalker x5  
  106  7:21  Stalker  
  108  7:45  Nexus, Pylon  
  108  7:47  Pylon  
  108  7:48  Pylon  
  108  7:49  Pylon  
  108  7:51  Pylon  
  108  7:53  Stalker x3  
  108  7:56  Stalker  
  98  8:32  Stalker  
  98  8:33  Stalker x6  
  112  8:41  Pylon  
  112  8:43  Pylon  
  112  8:44  Pylon  
  106  8:57  Probe  
  106  8:58  Probe  
  106  8:59  Probe x2  
  110  9:06  Stalker x2  
  110  9:07  Stalker x5  
  110  9:08  Probe  
  125  9:11  Probe x2  
  125  9:15  Dark Shrine  
  127  9:17  Probe  
  127  9:18  Probe  
  127  9:23  Probe x2  
  131  9:27  Probe  
  132  9:37  Probe  
  132  9:38  Probe  
  132  9:39  Probe  
  135  9:46  Stalker x3  
  135  9:47  Stalker x3  
  147  9:59  Probe  
  147  10:00  Probe  
  147  10:01  Probe x2  
  151  10:17  Robotics Facility  
  151  10:29  Assimilator  
  151  10:30  Dark Templar x6  
  151  10:31  Dark Templar  
  151  10:34  Assimilator  
  165  11:11  Stalker  
  165  11:12  Stalker x2  
  165  11:13  Stalker x3  
  165  11:14  Stalker  
  179  11:45  Stalker x2  
  179  11:46  Stalker x4  
  131  12:12  Stalker x4  
  131  12:13  Stalker x2  
  105  12:27  Robotics Facility  
  84  12:53  Nexus  
  84  13:06  Cybernetics Core  
  84  13:11  Pylon  
  78  13:12  Pylon  
  78  13:15  Observer (Chrono Boost)  
  75  13:25  Pylon  
  75  13:29  Gateway  
  75  13:32  Gateway  
  75  13:33  Gateway  
  75  13:38  Pylon  
  75  13:39  Observer (Chrono Boost)  
  76  13:48  Gateway  
  76  13:51  Stalker x3  
  76  13:52  Stalker  
  84  14:04  Warp Prism (Chrono Boost)  
  84  14:09  Gateway  
  86  14:10  Gateway  
  86  14:11  Gateway  
  86  14:12  Probe x2  
  86  14:13  Gateway, Probe  
  89  14:21  Stalker x2  
  89  14:22  Stalker x2  
  97  14:48  Stalker x2  
  97  14:49  Stalker x4  
  97  14:50  Observer (Chrono Boost)  
  108  15:06  Stalker x2  
  88  15:19  Stalker x3  
  88  15:20  Stalker  
  66  15:21  Stalker  
  66  15:22  Stalker x2  
  66  15:23  Stalker x2  
  58  15:33  Stalker x2  
  38  15:44  Stalker  
  38  15:45  Stalker x6  
Show
View Real Time Build Order
Export as new Build Order

zelderan Zerg - Winner!

Build Orders: Hatch First, Lurkers 

Get SALT Encoding   

  12  0:00  Drone  
  13  0:12  Overlord  
  13  0:17  Drone  
  14  0:30  Drone x2  
  16  0:36  Drone  
  17  0:52  Hatchery  
  16  0:57  Drone  
  16  0:59  Drone  
  18  1:07  Extractor  
  17  1:15  Spawning Pool  
  17  1:18  Drone  
  17  1:22  Drone  
  18  1:32  Drone  
  19  1:41  Drone  
  20  1:49  Overlord  
  20  2:02  Queen  
  20  2:04  Zergling x2  
  20  2:05  Queen  
  25  2:14  Drone  
  26  2:16  Drone x2  
  26  2:19  Metabolic Boost  
  28  2:31  Drone  
  28  2:32  Drone  
  28  2:35  Drone  
  31  2:38  Overlord  
  31  2:40  Queen  
  33  2:47  Drone x2  
  35  3:01  Drone  
  35  3:02  Drone  
  37  3:12  Hatchery, Drone x4  
  40  3:22  Queen  
  40  3:23  Overlord  
  42  3:27  Drone x2  
  44  3:46  Extractor  
  43  3:52  Drone x4  
  43  3:53  Drone x5  
  52  4:25  Overlord x4  
  52  4:28  Drone  
  52  4:29  Drone x2  
  55  4:32  Extractor  
  54  4:40  Lair  
  54  4:41  Overlord x4  
  54  4:48  Zergling x6  
  54  4:49  Zergling x4  
  59  4:56  Drone  
  59  4:57  Drone x3  
  59  4:58  Drone  
  64  5:10  Roach Warren  
  64  5:11  Zergling x2  
  64  5:12  Zergling x10  
  64  5:13  Evolution Chamber  
  68  5:19  Drone x4  
  68  5:20  Overlord  
  72  5:49  Overseer  
  72  5:52  Glial Reconstitution  
  72  5:53  Zerg Missile Weapons Level 1  
  72  5:54  Roach x6  
  72  5:55  Roach x7  
  98  6:06  Drone x3, Hydralisk Den  
  98  6:10  Extractor  
  99  6:37  Lurker Den  
  99  6:41  Drone x4  
  99  6:42  Drone x2  
  99  6:46  Extractor  
  104  6:54  Roach x9  
  114  6:57  Hatchery  
  114  7:00  Overlord x5  
  121  7:05  Spine Crawler  
  120  7:09  Spine Crawler  
  120  7:10  Spine Crawler  
  117  7:16  Overlord x4  
  117  7:17  Overlord x2  
  117  7:23  Hydralisk x6  
  117  7:26  Ravager  
  117  7:28  Ravager  
  131  7:45  Evolution Chamber  
  131  7:48  Ravager  
  131  7:49  Ravager x2  
  133  7:56  Zerg Ground Armor Level 1  
  133  7:57  Zergling x2  
  133  7:58  Zergling x22  
  142  7:59  Zergling x6  
  142  8:01  Overseer  
  143  8:26  Hydralisk x3  
  143  8:27  Hydralisk x3  
  141  8:31  Drone x3  
  141  8:32  Drone x4  
  160  8:41  Lurker x2  
  155  9:02  Hydralisk x2  
  147  9:03  Hydralisk x4  
  159  9:16  Extractor  
  158  9:17  Extractor  
  158  9:19  Extractor  
  156  9:26  Zerg Missile Weapons Level 2  
  156  9:37  Drone x2  
  156  9:38  Drone  
  159  9:40  Drone  
  159  9:41  Drone x4  
  159  9:42  Overlord x4  
  159  9:43  Drone x5  
  169  9:49  Lurker  
  169  9:50  Lurker x4  
  174  10:03  Queen  
  176  10:20  Roach x6  
  176  10:21  Roach x6  
  200  10:23  Zerg Ground Armor Level 2  
  200  10:30  Muscular Augments  
  197  10:52  Hatchery  
  197  10:55  Ravager x2  
  197  10:56  Ravager x2  
  197  11:28  Overseer x3  
  197  11:29  Overseer  
  197  11:30  Roach  
  197  11:31  Roach x9  
  198  11:49  Drone x5  
  159  12:33  Drone x4  
  159  12:34  Drone x5  
  114  13:04  Roach Warren  
  113  13:10  Overseer  
  113  13:12  Hydralisk Den  
  112  13:14  Spore Crawler  
  112  13:17  Spine Crawler  
  110  13:30  Queen  
  110  13:34  Queen  
  112  13:36  Extractor  
  112  13:37  Extractor  
  112  13:44  Roach x6  
  112  13:45  Roach x14  
  112  13:47  Ravager x5  
  112  13:48  Ravager x7  
  164  13:59  Spore Crawler, Drone  
  164  14:00  Drone x6  
  170  14:05  Drone x4  
  174  14:17  Ravager x3  
  174  14:18  Ravager x9  
  174  14:22  Overseer  
  174  14:24  Pneumatized Carapace  
  186  14:30  Infestation Pit  
  161  15:22  Roach x4  
  161  15:23  Roach x17  
Tags
 
Add a new tag
Caveats
  • Supply blocks, unpowered buildings, or Contaminate may cause inaccurate times.
  • Supply counts are checked every 10 seconds.